 Dungeon Crawl Stone Soup version 0.29-a0-973-gac7da5f7f0 (webtiles) character file.

Game seed: 10497294747075736136

114 miket3c the Chopper (level 4, -7/41 HPs)
             Began as a Hill Orc Fighter on July 31, 2022.
             Mangled by an iguana (8 damage)
             ... on level 4 of the Dungeon.
             The game lasted 00:03:39 (3434 turns).

miket3c the Chopper (Hill Orc Fighter)              Turns: 3434, Time: 00:03:39

Health: -7/41      AC:  9    Str: 20    XL:     4   Next: 97%
Magic:  4/4        EV:  9    Int:  8    God:
Gold:   122        SH:  4    Dex: 10    Spells: 3/3 levels left

rFire   . . .      SeeInvis .   a - +0 war axe
rCold   . . .      Faith    .   c - +0 buckler
rNeg    . . .      Spirit   .   b - +0 scale mail
rPois   .          Reflect  .   (no helmet)
rElec   .          Harm     .   q - +1 cloak
rCorr   .          Rampage  .   (no gloves)
Will    .....                   (no boots)
Stlth   ..........              (no amulet)
HPRegen 0.13/turn               (no ring)
MPRegen 0.09/turn               (no ring)

@: lethally poisoned (-7 -> -21)
A: no striking features
a: no special abilities


You were on level 4 of the Dungeon.
You visited 1 branch of the dungeon, and saw 4 of its levels.

You collected 122 gold pieces.

Inventory:

Hand Weapons
 a - a +0 war axe (weapon)
Armour
 b - a +0 scale mail (worn)
 c - a +0 buckler (worn)
 q - a +1 cloak (worn)
Jewellery
 m - a +4 ring of slaying
Scrolls
 e - 3 scrolls of immolation
 l - 2 scrolls of teleportation
Potions
 d - 2 potions of might
 f - a potion of flight
 g - 2 potions of attraction
 i - a potion of brilliance
 n - a potion of cancellation {unknown}
 o - a potion of experience {unknown}
 r - 2 potions of mutation
 t - a potion of lignification {unknown}
 u - a potion of heal wounds {unknown}


   Skills:
 + Level 4.4 Fighting
 * Level 4.6 Axes
 + Level 4.0 Armour
 + Level 3.9 Shields


You had 3 spell levels left.
You didn't know any spells.
Your spell library was empty.

Dungeon Overview and Level Annotations

Branches:
Dungeon (4/15)
 Temple: D:4-7

Altars:

Portals:
Abyss: D:3

Annotations:
D:3 2 transporters, jlumianski's ghost, weakling DsFi


Message History

Your Armour skill increases to level 4!
The orc hits you but does no damage.
You are poisoned.
You barely miss the orc.
You feel very sick.
The orc hits you with a +2 dagger of venom.
You are more poisoned.
You closely miss the orc.
You feel very sick. The orc completely misses you.
The iguana hisses menacingly.
The iguana bites you. The orc barely misses you.
You closely miss the iguana. You hit the orc but do no damage.
You feel very sick. You block the iguana's attack. The orc barely misses you.
You barely miss the iguana. You barely miss the orc.
You feel very sick. The iguana barely misses you. You block the orc's attack.
You are too injured to fight recklessly!
You are too injured to fight recklessly!
You are too injured to fight recklessly!
You are too injured to fight recklessly!
You are too injured to fight recklessly!
You hit the iguana.
The iguana is moderately wounded.
You barely miss the orc.
You feel sick.
The orc hits you with a +2 dagger of venom.
You are more poisoned.
You block the iguana's attack. The iguana bites you.
* * * LOW HITPOINT WARNING * * *
The orc hits you with a +2 dagger of venom.
* * * LOW HITPOINT WARNING * * *
You are more poisoned.
You barely miss the iguana.
The iguana is moderately wounded.
You hit the orc.
* * * LOW HITPOINT WARNING * * *
You feel very sick. The iguana bites you!
You die...

#### ...#########
.........#
#ol.....#
#.@.....#
#....†..#
#.......#
###.##### #.# #.#
#.##
#######..########
.................


You could see an iguana and an orc.

Vanquished Creatures
  5 adders
  A worm (D:2)
  4 ball pythons
  5 endoplasms
  5 giant cockroaches
  11 goblins
  9 hobgoblins
  4 quokkas
  6 bats
  6 kobolds
  6 rats
62 creatures vanquished.

Notes
Turn   | Place    | Note
-------+----------+-------------------------------------------
     0 | D:1      | miket3c the Hill Orc Fighter began the quest for the Orb.
     0 | D:1      | Reached XP level 1. HP: 19/19 MP: 1/1
    82 | D:1      | Found a faded altar of an unknown god.
   116 | D:1      | Reached XP level 2. HP: 24/27 MP: 2/2
   551 | D:1      | Reached XP level 3. HP: 31/33 MP: 3/3
  1577 | D:2      | Reached XP level 4. HP: 22/40 MP: 4/4
  2715 | D:3      | Found a transporter.
  2716 | D:3      | Noticed a small abomination
  2739 | D:3      | Found a one-way gate to the infinite horrors of the Abyss.
  2828 | D:3      | Noticed jlumianski's ghost (weakling DsFi)
  2838 | D:3      | Found a transporter.
  3434 | D:4      | HP: 1/41 [poisoned by an orc]
  3434 | D:4      | Mangled by an iguana

Illustrated notes

Levels and vault maps discovered:
D:1:      shiori_arrival_elements, layout_loops_ring,
          ebering_ecumenical_altar_rust
D:2:      layout_loops_ring, minmay_misc_feat_five
D:3:      layout_basic, gammafunk_ghost_abyssal_escape, corexii_leaking_fountain
D:4:      layout_basic, portal_sewer_entry_a

Skill      XL: |  1  2  3  4 |
---------------+-------------+-----
Axes           | 3 4 |  4.6
Fighting       | 4 |  4.4
Armour         | 4 |  4.0
Shields        | |  3.9

Action                   |  1- 3 |  4- 6 || total
-------------------------+-------+-------++-------
Melee: War axe           |   115 |    96 ||   211
  Use: Scroll            |       |    11 ||    11
Armor: Scale mail        |    60 |    39 ||    99
Dodge: Dodged            |    53 |    48 ||   101
Block: Buckler           |    36 |    20 ||    56

Table legend: (Time is in decaauts)
 A = Elapsed time spent in this place.
 B = Non-inter-level travel time spent in this place.
 C = Inter-level travel time spent in this place.
 D = Time resting spent in this place.
 E = Time spent auto-exploring this place.
 F = Levels seen in this place.
 G = Mean time per level.
                   A        B        C        D        E       F      G
               +--------+--------+--------+--------+--------+-----+--------+
         Total |   3507 |   3324 |    183 |    813 |   1992 |   4 |  876.8 |
       Dungeon |   3507 |   3324 |    183 |    813 |   1992 |   4 |  876.8 |
               +--------+--------+--------+--------+--------+-----+--------+

Top non-repeatable levels by time:
     D:2: 1413 daAuts
     D:3: 962 daAuts
     D:1: 882 daAuts
     D:4: 249 daAuts
